 Dungeon Crawl Stone Soup version 0.19.1 (webtiles) character file.

175835 grisgris the Hoplite (level 18, -4/115 HPs)
             Began as a Gargoyle Monk on Dec 14, 2016.
             Was a High Priest of Qazlal.
             Killed from afar by a thorn hunter (20 damage)
             ... with a volley of thorns
             ... on level 4 of the Swamp.
             The game lasted 02:14:28 (30863 turns).

grisgris the Hoplite (Gargoyle Monk)               Turns: 30863, Time: 02:14:29

Health: -4/115     AC: 37    Str: 27    XL:     18   Next: 11%
Magic:  28/28      EV: 14    Int: 13    God:    Qazlal [*****.]
Gold:   2027       SH:  0    Dex: 19    Spells: 0 memorised, 17 levels left

rFire  + + .     SeeInvis .     q - +8 whip (drain)
rCold  x . .     Gourm    .     f - +2 fire dragon scales
rNeg   + . .     Faith    .     b - +1 large shield
rPois  ∞         Spirit   .     E - +2 hat
rElec  +         Reflect  .     y - +0 cloak {+Inv}
rCorr  .         Harm     +     H - +0 pair of gloves
MR     +....                    B - +0 pair of boots
Stlth  ..........               N - amulet of harm
                                r - +6 ring of strength
                                D - +5 ring of dexterity

@: confused, protected from physical damage, flying, repel missiles
A: big wings, talons 1, rugged brown scales 1, agile 1, negative energy
resistance 1, electricity resistance, unbreathing, petrification resistance, rot
immunity, AC +13
a: Stop Flying, Upheaval, Elemental Force, Disaster Area, Renounce Religion,
Evoke Invisibility


You were on level 4 of the Swamp.
You worshipped Qazlal.
Qazlal was extremely pleased with you.
You were not hungry.

You visited 6 branches of the dungeon, and saw 30 of its levels.

You collected 2911 gold pieces.
You spent 884 gold pieces at shops.

Inventory:

Hand Weapons
 q - a +8 whip of draining (weapon)
Armour
 b - a +1 large shield (worn)
 f - +2 fire dragon scales (worn)
 y - a +0 cloak of invisibility (worn)
 B - a +0 pair of boots (worn)
 E - a +2 hat (worn)
 H - a +0 pair of gloves (worn)
 M - a +2 cloak
Jewellery
 m - an uncursed ring of see invisible
 p - an uncursed ring of protection from magic
 r - a +6 ring of strength (right hand)
 D - a +5 ring of dexterity (left hand)
 K - the ring "Iddiacisch" {rPois Str+3}
   (You acquired it on level 3 of the Lair of Beasts)

   [ring of strength]

   It affects your strength (+3).
   It protects you from poison.
 N - an amulet of harm (around neck)
Wands
 a - a wand of lightning (2/15)
 i - a wand of slowing (26/48)
 l - a wand of enslavement (15/24)
 n - a wand of polymorph (13/24)
 s - a wand of disintegration (10/24)
 v - a wand of enslavement (10/24)
 O - a wand of teleportation (5/9)
 P - a wand of confusion (36/48)
 R - a wand of digging (10/24)
Scrolls
 d - a scroll of magic mapping
 e - 6 scrolls of teleportation
 j - a scroll of identify
 o - 2 scrolls of summoning
 w - 6 scrolls of remove curse
 x - 4 scrolls of fear
 G - a scroll of blinking
 J - 5 scrolls of fog
 S - 5 scrolls of amnesia
 T - a scroll of recharging
Potions
 g - a potion of magic
 t - a potion of ambrosia
 u - a potion of brilliance
 C - 3 potions of cancellation
 I - a potion of agility
 Q - 2 potions of curing
Books
 k - a book of Maledictions

   Spells                             Type                      Level
   a - Corona                         Hexes                        1
   b - Ensorcelled Hibernation        Hexes/Ice                    2
   c - Confuse                        Hexes                        3
   d - Tukima's Dance                 Hexes                        3
   e - Dazzling Spray                 Conjuration/Hexes            3
 U - a book of Changes

   Spells                             Type                      Level
   a - Beastly Appendage              Transmutation                1
   b - Sticks to Snakes               Transmutation                2
   c - Spider Form                    Transmutation/Poison         3
   d - Ice Form                       Ice/Transmutation            4
   e - Blade Hands                    Transmutation                5
 V - a book of Transfigurations

   Spells                             Type                      Level
   a - Irradiate                      Conjuration/Transmutation    5
   b - Statue Form                    Transmutation/Earth          6
   c - Hydra Form                     Transmutation                6
   d - Dragon Form                    Transmutation                7
Comestibles
 c - 14 bread rations
 h - 3 beef jerkies
 z - 6 meat rations
 A - 21 fruits
 F - a royal jelly
 L - 7 slices of pizza


   Skills:
 + Level 11.9 Fighting
 + Level 13.4 Maces & Flails
 + Level 11.1 Armour
 + Level 6.1 Dodging
 - Level 2.1 Stealth
 + Level 21.2 Shields
 * Level 14.0 Invocations
 + Level 0.3 Evocations


You had 17 spell levels left.
You didn't know any spells.

Dungeon Overview and Level Annotations

Branches:
Dungeon (15/15)            Temple (1/1) D:6            Lair (6/6) D:11
  Swamp (4/4) Lair:2       Spider (2/4) Lair:2        Slime (0/5) Lair:5
    Orc (2/2) D:11            Elf (0/3) Orc:2        Vaults (0/5) D:13
 Depths (0/5) D:15

Altars:
Ashenzari
Cheibriados
Dithmenos
Elyvilon
Fedhas
Gozag
Hepliaklqana
Kikubaaqudgha
Makhleb
Nemelex Xobeh
Okawaru
Qazlal
Ru
Sif Muna
Trog
Uskayaw
Vehumet
Xom
Yredelemnul
Zin
The Shining One
Beogh
Jiyva

Shops:
D:10 :   D:11 %   Orc:2 %!(}

Annotations:
D:14 exclusion: orange crystal statue


Innate Abilities, Weirdness & Mutations

You are resistant to torment.
Your stone body is resilient. (AC +13)
You are immune to poison.
Your large and strong wings let you fly indefinitely.
You resist negative energy. (rN+)
You are resistant to electric shocks. (rElec)
You can survive without breathing.
You are immune to petrification.
You are immune to rotting.
You have sharp toenails.
You are partially covered in rugged brown scales. (AC +1, +3% HP)
You are agile. (Dex +2)


Message History

You block the volley of thorns.
You hit the thorn hunter but do no damage.
The thorn hunter is moderately damaged.
The thorn hunter fires a volley of thorns at you.
The volley of thorns hits you!
* * * LOW HITPOINT WARNING * * *
You whack the thorn hunter!
The thorn hunter is moderately damaged.
You are confused.
You feel invigorated.
The thorn hunter fires a volley of thorns at you.
The volley of thorns hits you!
* * * LOW HITPOINT WARNING * * *
The thorn hunter fires a volley of thorns at you.
The volley of thorns hits you!
You are more confused.
You feel more invigorated.
The thorn hunter fires a volley of thorns at you.
The volley of thorns hits you!
You die...

≈≈≈≈≈≈≈≈††[.≈≈§.≈
≈≈≈≈≈≈≈≈≈≈[≈≈≈≈≈≈
.≈≈≈≈≈≈≈≈≈≈≈.≈≈≈≈
≈.≈≈..≈≈≈≈≈≈≈≈≈≈.
♣...≈†≈≈≈≈≈≈....
♣♣♣.≈≈≈≈≈≈≈..≈≈≈
♣≈≈§≈§≈♣♣.≈≈≈≈
♣≈≈§f♣♣♣ ♣≈≈≈[
♣♣§§@♣♣ .≈..
♣≈≈≈.♣ ≈≈♣
♣♣♣♣♣≈≈≈≈♣ ♣♣
♣♣..≈≈≈≈.♣♣
♣≈≈≈....♣♣
♣♣...†.≈≈♣
♣♣♣..♣.≈♣♣♣
♣♣..≈♣<...♣
♣.≈♣♣.≈≈≈.♣


You could see a thorn hunter.

Vanquished Creatures
  Nikola (Swamp:3)
  Jorgrun (Swamp:2)
  Frances (Swamp:1)
  5 thorn hunters
  The ghost of Uhlv the Executioner, a journeyman MiBe of Trog (Orc:2)
  An orc warlord (Orc:1)
  An emperor scorpion (Spider:2)
  A ghost moth (Spider:2)
  Louise (D:15)
  A stone giant (Orc:1)
  An entropy weaver (Spider:1)
  The ghost of Zebulonius the Executioner, a journeyman MiBe of Trog (Lair:6)
  The ghost of Uhlv the Grappler, a journeyman TrHu of Okawaru (Lair:1)
  The ghost of Mefis the Eclecticist, a journeyman DEWz of Sif Muna (Orc:2)
  2 ettins
  A fire dragon (D:13)
  Josephine (D:12)
  Erolcha (Orc:1)
  25 hydras
  2 ghost crabs
  A merfolk avatar (Lair:6)
  9 alligators
  2 centaur warriors
  A death knight (D:14)
  A tengu warrior (D:15)
  A death yak (Lair:3)
  5 ogre magi
  An orc high priest (Orc:2)
  A hell knight (D:15)
  10 swamp dragons
  2 unseen horrors
  2 spriggan druids
  3 shambling mangroves
  A deep elf archer (D:15)
  8 hill giants
  2 harpies (Lair:6)
  An orc knight (Orc:2)
  Pikel (D:4)
  5 ugly things (D:14)
  An orb spider (Spider:1)
  9 wolf spiders
  5 cyclopes
  A manticore (Lair:6)
  An orc sorcerer (Orc:2)
  A faun (shapeshifter) (D:13)
  A centaur zombie (D:14)
  23 elephants
  4 black mambas
  20 spiny frogs
  4 centaur skeletons
  A gargoyle (D:14)
  A yaktaur (D:15)
  9 komodo dragons
  A freezing wraith (D:14)
  2 rime drakes (Lair:6)
  2 demonic crawlers
  4 trolls
  18 jumping spiders
  2 tyrant leeches
  7 polar bears (Lair:6)
  3 meliai (D:13)
  16 two-headed ogres
  A raiju (shapeshifter) (D:13)
  Prince Ribbit (D:6)
  17 hornets
  A hornet (shapeshifter) (D:15)
  A queen bee (shapeshifter) (D:13)
  3 bog bodies
  A harpy skeleton (D:15)
  9 hippogriffs
  27 slime creatures
  7 dream sheep
  8 blink frogs
  A meliai zombie (D:13)
  A centaur simulacrum (D:15)
  36 redbacks
  Sigmund (D:5)
  3 shadows
  3 wraiths (D:12)
  12 spriggans
  6 tarantellas
  A tarantella (shapeshifter) (D:14)
  Eustachio (D:4)
  4 basilisks
  32 yaks
  A wyvern (Lair:6)
  2 hogs (D:13)
  A human (D:13)
  A steam dragon (D:15)
  27 vampire mosquitoes
  Menkaure (D:5)
  11 insubstantial wisps (Swamp:3)
  14 water moccasins
  32 swamp worms
  2 soldier ants
  14 porcupines
  3 wargs (Orc:2)
  10 swamp drakes
  3 ice beasts
  A slave (D:4)
  7 sky beasts
  4 black bears
  24 orc warriors
  2 necrophages
  2 eyes of draining
  2 phantoms
  34 ogres
  23 wolves
  4 centaurs
  16 crocodiles
  4 big kobolds
  21 bullfrogs
  A wyvern skeleton (D:7)
  25 killer bees
  6 scorpions
  A water moccasin skeleton (D:12)
  18 wights
  5 electric eels
  A jelly (D:11)
  A lava snake (Lair:2)
  7 crimson imps
  A quasit (D:9)
  Crazy Yiuf (D:5)
  A hound (D:4)
  20 orc priests
  A bullfrog skeleton (D:7)
  2 iguanas
  19 orc wizards
  6 worker ants
  5 hell rats (Lair:6)
  Natasha (twice) (D:4)
  A killer bee zombie (D:8)
  3 hound zombies
  A hound skeleton (D:7)
  A howler monkey zombie (D:9)
  A worker ant zombie (D:6)
  4 gnolls
  11 adders
  A howler monkey skeleton (D:6)
  4 river rats (D:11)
  3 shadow imps
  2 oozes
  An adder skeleton (D:6)
  2 adder zombies (D:9)
  2 worms (D:3)
  2 dart slugs
  4 leopard geckos
  89 orcs
  14 bats
  7 giant cockroaches
  5 goblins
  7 hobgoblins
  11 jackals
  4 quokkas
  4 frilled lizards
  A jackal skeleton (D:6)
  23 kobolds
  2 quokka skeletons (D:4)
  A quokka zombie (D:8)
  15 rats
  14 briar patches
  31 fungi
  21 plants
1101 creatures vanquished.

Vanquished Creatures (others)
  A thorn hunter (Swamp:3)
  A hydra (Swamp:2)
  A spiny frog (Swamp:3)
  A hornet (Swamp:2)
  A tyrant leech (Swamp:3)
  A slime creature (Swamp:2)
  A swamp drake (Swamp:3)
  An orc wizard (Orc:2)
  Natasha (D:4)
  2 orcs (D:4)
  A quokka (D:4)
  5 briar patches (Swamp:3)
  20 fungi
  17 plants
54 creatures vanquished.

Grand Total: 1155 creatures vanquished

Notes
Turn   | Place    | Note
-------+----------+-------------------------------------------
     0 | D:1      | grisgris the Gargoyle Monk began the quest for the Orb.
     0 | D:1      | Reached XP level 1. HP: 14/14 MP: 1/1
   224 | D:1      | Reached XP level 2. HP: 7/19 MP: 2/2
   952 | D:1      | Reached XP level 3. HP: 21/24 MP: 3/3
  1409 | D:2      | Reached skill level 1 in Shields
  1409 | D:2      | Reached XP level 4. HP: 20/29 MP: 4/4
  2485 | D:3      | Reached skill level 2 in Shields
  2894 | D:2      | Reached skill level 1 in Armour
  2894 | D:2      | Reached XP level 5. HP: 26/33 MP: 5/5
  3487 | D:4      | Reached skill level 3 in Shields
  3494 | D:4      | Reached XP level 6. HP: 37/38 MP: 6/6
  3515 | D:4      | Noticed a slave
  3563 | D:4      | Killed a slave
  3634 | D:4      | Noticed a slave
  3635 | D:4      | Noticed a slave
  3640 | D:4      | Noticed Pikel
  3640 | D:4      | Noticed a slave
  3677 | D:4      | Killed Pikel
  3677 | D:4      | Reached skill level 5 in Maces & Flails
  3677 | D:4      | Reached skill level 4 in Shields
  3677 | D:4      | Reached XP level 7. HP: 37/44 MP: 7/7
  4184 | D:4      | Reached skill level 5 in Shields
  4184 | D:4      | Reached XP level 8. HP: 48/48 MP: 8/8
  4215 | D:4      | Found a shadowy altar of Dithmenos.
  4255 | D:4      | Noticed Natasha
  4266 | D:4      | Killed Natasha
  4326 | D:4      | Reached skill level 5 in Fighting
  4448 | D:4      | Killed Natasha
  4526 | D:4      | Noticed Natasha
  4538 | D:4      | Killed Natasha
  4764 | D:5      | Entered Level 5 of the Dungeon
  4771 | D:5      | Noticed Eustachio
  4772 | D:5      | Noticed Sigmund
  4782 | D:5      | Found a white marble altar of Elyvilon.
  5107 | D:4      | Killed Eustachio
  5196 | D:5      | Killed Sigmund
  5196 | D:5      | Reached skill level 6 in Shields
  5336 | D:5      | Found a runed door.
  5340 | D:5      | Noticed Crazy Yiuf
  5346 | D:5      | Killed Crazy Yiuf
  5651 | D:5      | Noticed Menkaure
  5671 | D:5      | Killed Menkaure
  5824 | D:5      | Reached skill level 7 in Shields
  5824 | D:5      | Reached XP level 9. HP: 54/54 MP: 9/9
  6139 | D:6      | Found a staircase to the Ecumenical Temple.
  6155 | Temple   | Entered the Ecumenical Temple
  6158 | Temple   | Became a worshipper of Qazlal Stormbringer
  6158 | Temple   | Reached * piety under Qazlal
  6158 | Temple   | Reached ** piety under Qazlal
  6332 | D:6      | Noticed Prince Ribbit
  6346 | D:6      | Killed Prince Ribbit
  6346 | D:6      | Reached skill level 5 in Armour
  6647 | D:6      | Reached skill level 8 in Shields
  7060 | D:7      | Found an iron altar of Okawaru.
  7062 | D:7      | Found a shattered altar of Ashenzari.
  7062 | D:7      | Found a blossoming altar of Fedhas.
  7065 | D:7      | Found a hazy altar of Hepliaklqana.
  7139 | D:7      | Reached skill level 9 in Shields
  7196 | D:7      | Identified a scroll of acquirement
  7251 | D:7      | Reached skill level 1 in Invocations
  7251 | D:7      | Reached XP level 10. HP: 60/60 MP: 10/10
  7286 | D:7      | Reached *** piety under Qazlal
  7387 | D:7      | Found a bloodstained altar of Trog.
  8142 | D:8      | Found a basalt altar of Yredelemnul.
  8334 | D:8      | Found an ancient bone altar of Kikubaaqudgha.
  8512 | D:9      | Reached skill level 10 in Shields
  8528 | D:9      | Reached **** piety under Qazlal
  8681 | D:9      | Noticed a dagger
  8683 | D:9      | Found a hide-covered altar of Uskayaw.
  8683 | D:9      | Noticed a dagger
  9204 | D:10     | Entered Level 10 of the Dungeon
  9586 | D:7      | Reached XP level 11. HP: 56/65 MP: 14/14
  9852 | D:10     | Found Lemaro Ramu's Book Emporium.
 10748 | D:11     | Noticed a hill giant
 10758 | D:11     | Killed a hill giant
 10758 | D:11     | Reached skill level 11 in Shields
 10758 | D:11     | Reached skill level 5 in Invocations
 10978 | D:11     | Reached ***** piety under Qazlal
 11011 | D:11     | Found a staircase to the Orcish Mines.
 11409 | D:11     | Found Egroq's Food Boutique.
 11452 | D:11     | Gained mutation: You are partially covered in rugged brown scales. (AC +1, +3% HP) [potion of beneficial mutation]
 11453 | D:11     | Gained mutation: Your large and strong wings let you fly indefinitely. [potion of beneficial mutation]
 11454 | D:11     | Gained mutation: You have sharp toenails. [potion of beneficial mutation]
 11455 | D:11     | Gained mutation: You are agile. (Dex +2) [potion of beneficial mutation]
 11525 | D:11     | Noticed a hill giant
 11539 | D:11     | Killed a hill giant
 11642 | D:11     | Found a staircase to the Lair.
 11860 | Lair:1   | Entered Level 1 of the Lair of Beasts
 11872 | Lair:1   | Noticed Uhlv's ghost (journeyman TrHu)
 11878 | Lair:1   | Reached skill level 10 in Maces & Flails
 11940 | Lair:1   | Killed Uhlv's ghost
 11940 | Lair:1   | Reached skill level 12 in Shields
 12001 | Lair:1   | Noticed an eight-headed hydra
 12010 | Lair:1   | Killed an eight-headed hydra
 12086 | Lair:1   | Noticed a seven-headed hydra
 12096 | Lair:1   | Noticed a five-headed hydra
 12423 | D:11     | Killed a five-headed hydra
 12474 | Lair:1   | Killed a seven-headed hydra
 12474 | Lair:1   | Reached XP level 12. HP: 50/74 MP: 17/17
 13475 | Lair:2   | Reached skill level 13 in Shields
 14225 | Lair:2   | Found a staircase to the Swamp.
 14291 | Lair:2   | Found a hole to the Spider Nest.
 14554 | Lair:3   | Reached ****** piety under Qazlal
 14838 | Lair:3   | Noticed a death yak
 14853 | Lair:3   | Killed a death yak
 14853 | Lair:3   | Reached skill level 14 in Shields
 14853 | Lair:3   | Reached XP level 13. HP: 69/80 MP: 19/19
 15201 | Lair:3   | Got a twitching silver ring
 15203 | Lair:3   | Identified the ring "Iddiacisch" {rPois Str+3} (You acquired it on level 3 of the Lair of Beasts)
 16203 | Lair:5   | Found a viscous altar of Jiyva.
 16204 | Lair:5   | Found a staircase to the Slime Pits.
 16277 | Lair:5   | Reached skill level 15 in Shields
 16830 | Lair:6   | Entered Level 6 of the Lair of Beasts
 17131 | Lair:6   | Noticed Zebulonius's ghost (journeyman MiBe)
 17372 | Lair:5   | Mutation became permanent: Your large and strong wings let you fly indefinitely. [Gargoyle growth]
 17372 | Lair:5   | Reached XP level 14. HP: 41/86 MP: 21/21
 17632 | Lair:6   | Killed Zebulonius's ghost
 18140 | Lair:6   | Reached skill level 16 in Shields
 18140 | Lair:6   | Reached skill level 10 in Invocations
 19239 | D:12     | Identified the Catalogue of Curses and Lightness
 19262 | D:12     | Noticed Josephine
 19297 | D:12     | Killed Josephine
 20180 | D:13     | Reached skill level 17 in Shields
 20671 | D:13     | Found a gate to the Vaults.
 21119 | D:14     | Reached XP level 15. HP: 93/93 MP: 23/23
 21635 | D:14     | Noticed a frost giant
 22028 | D:15     | Entered Level 15 of the Dungeon
 22028 | D:15     | Noticed Louise
 22167 | D:15     | Killed Louise
 22167 | D:15     | Reached skill level 10 in Fighting
 22167 | D:15     | Reached skill level 10 in Armour
 22170 | D:15     | Got a steaming large shield
 22188 | D:15     | Identified the cursed -8 large shield "Geyw" {rC++ Str+3} (You took it off Louise on level 15 of the Dungeon)
 22225 | D:15     | Reached skill level 18 in Shields
 22916 | D:15     | Found a staircase to the Depths.
 23360 | Orc:1    | Entered Level 1 of the Orcish Mines
 23386 | Orc:1    | Noticed Erolcha
 23405 | Orc:1    | Killed Erolcha
 23453 | Orc:1    | Found a roughly hewn altar of Beogh.
 23647 | Orc:2    | Entered Level 2 of the Orcish Mines
 23649 | Orc:2    | Noticed Uhlv's ghost (journeyman MiBe)
 23687 | Orc:2    | Killed Uhlv's ghost
 23712 | Orc:2    | Noticed Mefis's ghost (journeyman DEWz)
 23908 | Orc:2    | Found a staircase to the Elven Halls.
 23953 | Orc:2    | Killed Mefis's ghost
 24508 | Orc:1    | Noticed an orc warlord
 24552 | Orc:1    | Killed an orc warlord
 24552 | Orc:1    | Reached XP level 16. HP: 84/100 MP: 23/25
 25133 | Orc:2    | Found Jolyhyby's Food Boutique.
 25133 | Orc:2    | Found Xammist's Weapon Emporium.
 25134 | Orc:2    | Found Merphi Hyall's Distillery.
 25134 | Orc:2    | Found Bysau's Gadget Shop.
 25144 | Orc:2    | Bought a potion of heal wounds for 65 gold pieces
 25144 | Orc:2    | Bought 2 potions of cure mutation for 650 gold pieces
 25144 | Orc:2    | Bought a potion of resistance for 130 gold pieces
 25144 | Orc:2    | Bought a potion of lignification for 39 gold pieces
 25426 | D:11     | Reached skill level 19 in Shields
 25812 | Spider:1 | Entered Level 1 of the Spider Nest
 27102 | Swamp:1  | Entered Level 1 of the Swamp
 28062 | Swamp:2  | Noticed Frances
 28063 | Swamp:2  | Noticed a thorn hunter
 28065 | Swamp:2  | Reached skill level 5 in Dodging
 28065 | Swamp:2  | Reached skill level 20 in Shields
 28092 | Swamp:1  | Killed a thorn hunter
 28092 | Swamp:1  | Reached XP level 17. HP: 76/107 MP: 26/26
 28310 | Swamp:2  | Noticed Jorgrun
 28325 | Swamp:1  | Killed Frances
 28343 | Swamp:2  | Killed Jorgrun
 29621 | Swamp:3  | Noticed Nikola
 29638 | Swamp:3  | Killed Nikola
 29681 | Swamp:3  | Found a frozen archway.
 30293 | Swamp:3  | Reached skill level 21 in Shields
 30334 | Swamp:3  | Found a glowing golden altar of the Shining One.
 30726 | Swamp:4  | Entered Level 4 of the Swamp
 30798 | Swamp:4  | Reached XP level 18. HP: 78/115 MP: 20/28
 30863 | Swamp:4  | Killed from afar by a thorn hunter

Skill      XL: |  1  2  3  4  5  6  7  8  9 10 11 12 13 14 15 16 17 18 |
---------------+-------------------------------------------------------+-----
Shields        | 1 2 3 4 5 7 9 10 12 14 15 17 18 20 21 | 21.2
Maces & Flails | 4 5 6 8 9 10 11 12 13 | 13.4
Armour         | 1 2 3 4 5 6 7 8 9 10 11 | 11.1
Fighting       | 4 5 6 7 8 9 10 11 | 11.9
Dodging        | 3 4 5 6 |  6.1
Invocations    | 1 4 6 8 9 10 12 13 14 | 14.0
Stealth        | |  2.1
Evocations     | |  0.3

Action                   |  1- 3 |  4- 6 |  7- 9 | 10-12 | 13-15 | 16-18 || total
-------------------------+-------+-------+-------+-------+-------+-------++-------
Melee: Mace              |   128 |   247 |       |       |       |       ||   375
       Whip              |       |    63 |   430 |  1177 |  1906 |  1536 ||  5112
       Kick              |       |       |       |   189 |   381 |       ||   570
Invok: Disaster Area     |       |       |       |       |       |     5 ||     5
 Abil: Fly               |       |       |       |       |       |     2 ||     2
       Stop Flying       |       |       |       |       |       |     1 ||     1
Evoke: Wand              |       |       |       |     3 |       |     2 ||     5
  Use: Scroll            |     9 |     1 |     8 |    15 |    13 |     7 ||    53
       Potion            |       |     1 |     2 |    15 |    15 |    15 ||    48
 Stab: Sleeping          |     1 |       |       |       |       |       ||     1
       Confused          |       |       |       |       |       |     1 ||     1
  Eat: Chunk             |     2 |     7 |    11 |    15 |    24 |     8 ||    67
       Beef jerky        |       |       |     1 |       |       |     1 ||     2
       Pizza             |       |       |       |     1 |       |     1 ||     2
       Royal jelly       |       |       |       |     1 |       |       ||     1
       Fruit             |       |       |       |     4 |     3 |       ||     7
       Meat ration       |       |       |       |     1 |     1 |     3 ||     5
Armor: Robe              |    15 |       |       |       |       |       ||    15
       Chain mail        |    58 |   210 |   155 |   101 |       |       ||   524
       Plate armour      |       |       |       |   203 |   490 |    92 ||   785
       Fire dragon scale |       |       |       |       |       |   373 ||   373
Dodge: Dodged            |    45 |    15 |    45 |    93 |   159 |   298 ||   655
       Deflected         |       |       |       |       |     4 |    13 ||    17
Block: Large shield      |    63 |   262 |   408 |  1112 |  1965 |  1913 ||  5723
